 Dungeon Crawl Stone Soup version 0.31.0-12-g77e489cdc1 (webtiles) character file.

Game seed: 3302328408427970546

56 Silvore the Trooper (level 3, 0/29 HPs)
             Began as a Demonspawn Fighter on Feb 15, 2024.
             Slain by an orc
             ... wielding a +0 club
              (3 damage)
             ... on level 4 of the Dungeon.
             The game lasted 00:01:33 (1014 turns).

Silvore the Trooper (Demonspawn Fighter)            Turns: 1014, Time: 00:01:33

Health: 0/29       AC:  6    Str: 18    XL:     3   Next: 69%
Magic:  3/3        EV:  9    Int:  8    God:
Gold:   81         SH:  5    Dex: 18    Spells: 2/2 levels left

rFire   . . .        a - +0 long sword
rCold   . . .        c - +0 buckler
rNeg    . . .        b - +0 scale mail
rPois   .            (no helmet)
rElec   .            (no cloak)
rCorr   .            (no gloves)
SInv    .            (no boots)
Will    .....        (no amulet)
Stlth   +            f - +6 ring of dexterity
HPRegen 0.24/turn    (no ring)
MPRegen 0.08/turn

%: no passive effects
@: fire susceptible
A: demonic touch 1
a: no special abilities


You were on level 4 of the Dungeon.
You visited 1 branch of the dungeon, and saw 3 of its levels.

You collected 81 gold pieces.

Inventory:

Hand Weapons
 a - a +0 long sword (weapon)
Armour
 b - a +0 scale mail (worn)
 c - a +0 buckler (worn)
Jewellery
 f - a +6 ring of dexterity (left hand)
Wands
 o - a wand of iceblast (6)
Scrolls
 i - a scroll of amnesia {unknown}
 j - 2 scrolls of identify {unknown}
 k - a scroll of fog {unknown}
 l - a scroll of poison {unknown}
 n - a scroll of teleportation {unknown}
 p - a scroll of blinking {unknown}
Potions
 d - a potion of might
 e - a potion of attraction {unknown}
 g - a potion of heal wounds {unknown}
 h - a potion of brilliance {unknown}
 m - a potion of resistance {unknown}


   Skills:
 + Level 3.3 Fighting
 + Level 2.5 Long Blades
 + Level 3.2 Armour
 + Level 0.8 Stealth
 + Level 2.8 Shields


You had 2 spell levels left.
You didn't know any spells.
Your spell library was empty.

Dungeon Overview and Level Annotations

Branches:
Dungeon (2/15)

Altars:
Ignis

Annotations:
D:1 2 transporters


Innate Abilities, Weirdness & Mutations

Your touch may inflict minor irresistible damage on your foes.


Message History

No target in view!
No target in view!
An orc comes into view. It is wielding a +0 hand axe.
The orc shouts!
You hear a shout!
Items here: $ ) †††.
An orc comes into view. It is wielding a +0 short sword.
The orc shouts!
The orc throws a stone.
The stone closely misses you.
An orc comes into view. It is wielding a +0 club.
The orc shouts!
The orc hits you but does no damage.
An orc priest comes into view. It is wielding a +0 club.
You closely miss the orc. The orc hits you but does no damage.
You closely miss the orc. The orc closely misses you.
You block the orc's attack.
You hit the orc.
The orc is lightly wounded.
You block the orc's attack. The orc barely misses you.
The orc priest mumbles some strange prayers to Beogh against you.
Beogh smites you!
Ouch! That really hurt!
You barely miss the orc.
The orc is lightly wounded.
The orc hits you but does no damage. You block the orc's attack. x2
The orc hits you but does no damage. x2
You hit the orc.
The orc is heavily wounded.
The orc hits you with a +0 short sword.
* * * LOW HITPOINT WARNING * * *
The orc hits you but does no damage. The orc hits you with a +0 club.
* * * LOW HITPOINT WARNING * * *
You slash the orc!
You kill the orc!
The orc closely misses you. You block the orc's attack.
Unknown command.
You hit the orc priest but do no damage.
You block the orc's attack. The orc hits you but does no damage.
You block the orc priest's attack.
You barely miss the orc priest. The orc hits you with a +0 club.
You die...

# ... ## #. ..#. #..
##.# ##### ...# #.#
###...###....
#..###.###~~...~~####.
#........#~..♣..~## #.
#.................###.
#...)oo....♣._.♣......
#...o@............####
#........#~..♣..~##
#........#r~...r~#
#.......$###...###
#.......).##..##
#............##
##############


You could see an orc priest and 2 orcs.

Vanquished Creatures
  An adder (D:2)
  3 dart slugs
  2 orcs (D:4)
  3 endoplasms
  A giant cockroach (D:1)
  2 goblins (D:1)
  7 hobgoblins
  4 kobolds
  3 quokkas (D:1)
  3 ball pythons (D:1)
  2 frilled lizards (D:1)
  4 rats
35 creatures vanquished.

Notes
Turn   | Place    | Note
-------+----------+-------------------------------------------
     0 | D:1      | Silvore the Demonspawn Fighter began the quest for the Orb.
     0 | D:1      | Reached XP level 1. HP: 18/18 MP: 1/1
   142 | D:1      | Gained mutation: Your touch may inflict minor irresistible
                  | damage on your foes. [demonic ancestry]
   142 | D:1      | Reached XP level 2. HP: 21/24 MP: 2/2
   523 | D:1      | Found a faded altar of an unknown god.
   610 | D:1      | Prayed at the altar of an unknown god.
   610 | D:1      | Became a worshipper of Ignis, the Dying Flame
   611 | D:1      | Fell from the grace of Ignis
   690 | D:2      | Reached XP level 3. HP: 29/29 MP: 3/3
   946 | D:2      | You fall into a shaft and drop 2 floors!
  1014 | D:4      | Slain by an orc

Illustrated notes

Levels and vault maps discovered:
D:1:      spicycebolla_arrival_transporter_tutorial, layout_rooms,
          shapermc_ecumenical_altar_hornbeckon, nicolae_kite_square_tiling_tiny,
          nicolae_figureground_sparkle
D:2:      layout_basic
D:4:      layout_rooms, lemuel_doored_altar, vehumet_altar_wand_db,
          elyvilon_altar_4, minmay_temple_entry_nine_rooms, uniq_grinder

Skill      XL: |  1  2 |
---------------+-------+-----
Armour         | 3 |  3.2
Long Blades    | 2 |  2.5
Fighting       | |  3.3
Stealth        | |  0.8
Shields        | |  2.8

Action                     || total
---------------------------++-------
  Melee: Long sword        ||   104
 Invoke: Renounce Religion ||     1
 Armour: Scale mail        ||    78
  Dodge: Dodged            ||    48
  Block: Buckler           ||    31
